 Dungeon Crawl Stone Soup version 0.30.1 (webtiles) character file.

Game seed: 8334991424760856185

304 AgateBread the Ruffian (level 6, -8/61 HPs)
             Began as a Troll Gladiator on July 3, 2023.
             Killed by divine providence
             ... invoked by an orc priest
              (12 damage)
             ... on level 4 of the Dungeon.
             The game lasted 00:12:57 (2423 turns).

AgateBread the Ruffian (Troll Gladiator)            Turns: 2423, Time: 00:12:58

Health: -8/61      AC:  7    Str: 23    XL:     6   Next: 15%
Magic:  5/5        EV:  7    Int:  4    God:
Gold:   203        SH: 11    Dex: 13    Spells: 5/5 levels left

rFire   . .          .
                       - Unarmed
rCold   . . .        u - +0 tower shield
rNeg    . . .        a - +0 robe
rPois   .            b - +2 hat
rElec   .            r - +0 cloak
rCorr   .            (gloves unavailable)
SInv    .            (boots unavailable)
Will    .....        (no amulet)
Stlth   +            (no ring)
HPRegen 1.10/turn    (no ring)
MPRegen 0.09/turn

%: no passive effects
@: about to teleport
A: large, unfitting armour, claws 3, regeneration 1, shaggy fur 1, tough skin 1
a: no special abilities


You were on level 4 of the Dungeon.
You visited 1 branch of the dungeon, and saw 4 of its levels.

You collected 203 gold pieces.

Inventory:

Hand Weapons
 k - a +1 dagger of venom
Missiles
 c - a throwing net (quivered)
Armour
 a - a +0 robe (worn)
 b - a +2 hat (worn)
 q - a +0 kite shield
 r - a +0 cloak (worn)
 u - a +0 tower shield (worn)
Scrolls
 i - a scroll of poison {unknown}
 n - a scroll of blinking {unknown}
 o - 2 scrolls of noise
 t - a scroll of fog {unknown}
 v - a scroll of silence {unknown}
 w - a scroll of identify
Potions
 d - 2 potions of attraction
 e - a potion of haste {unknown}
 f - a potion of heal wounds
 h - 2 potions of curing
 j - 3 potions of resistance
 l - a potion of brilliance {unknown}
 m - a potion of cancellation {unknown}
 s - a potion of degeneration {unknown}


   Skills:
 - Level 3.2 Fighting
 - Level 1.7 Throwing
 - Level 2.4 Dodging
 + Level 2.1 Shields
 + Level 5.3 Unarmed Combat


You had 5 spell levels left.
You didn't know any spells.
Your spell library contained the following spells:

 Spells                   Type           Power      Damage    Failure   Level
 Ozocubu's Armour         Ice            0%         N/A       100%        3
 Metabolic Englaciation   Hex/Ice        0%         N/A       100%        5
 Simulacrum               Ice/Necr       0%         N/A       100%        6


Dungeon Overview and Level Annotations

Branches:
Dungeon (4/15)
 Temple: D:4-7

Altars:
Makhleb

Annotations:
D:4 Pikel


Innate Abilities, Weirdness & Mutations

You are too large for most types of armour.
You have claws for hands.
Your natural rate of healing is unusually fast.
You are covered in fur. (AC +1)
You have tough skin. (AC +1)


Message History

Beogh smites you!
* * * LOW HITPOINT WARNING * * *
The endoplasm freezes you.
You are frozen.
* * * LOW HITPOINT WARNING * * *
The lemure hits you.
* * * LOW HITPOINT WARNING * * *
The orc hits you but does no damage.
The hobgoblin hits you but does no damage.
Okay, then.
Okay, then.
You feel much better.
An adder comes into view.
Pikel hits you with a +2 whip of electrocution.
You block the hobgoblin's attack. The endoplasm hits you.
The orc hits you but does no damage.
The orc priest calls down the wrath of Beogh upon you.
Beogh smites you! The lemure hits you but does no damage.
The orc hits you with a +0 mace.
* * * LOW HITPOINT WARNING * * *
The adder hisses angrily.
The hobgoblin attacks as you move away! You block the hobgoblin's attack.
Pikel attacks as you move away!
Pikel hits you with a +2 whip of electrocution.
* * * LOW HITPOINT WARNING * * *
The endoplasm freezes you.
You are frozen.
* * * LOW HITPOINT WARNING * * *
The lemure closely misses you. The lemure barely misses you.
As you read the scroll labelled GEBRON RIXEOWN, it crumbles to dust.
You feel strangely unstable.
It was a scroll of teleportation.
Pikel hits you with a +2 whip of electrocution!
* * * LOW HITPOINT WARNING * * *
You block the lemure's attack. The orc hits you but does no damage.
The orc hits you with a +0 mace.
* * * LOW HITPOINT WARNING * * *
The orc priest mumbles some strange prayers to Beogh against you.
Beogh smites you!
You die...

#...........#.#.# #............
#####.#.#......# #...##.......
#....###...## #...#....>...
#.....##..### ####...........
###.....#..#.##................
#............###...............
##...........#.#...........#...
##.......##...............#.#)
##...5...#..@..............#)
#.#..####.#..KJ..............)
#...........5go..[............
#.........[..#.o................
##.....###....So..).............
#..............................
###.......................##.#)
###...............>........#.
.........##........##...##.


You could see Pikel, a lemure, an orc priest, an adder, 2 orcs, an endoplasm and
a hobgoblin.

Vanquished Creatures
  3 lemures (D:4)
  A hound (D:4)
  An orc priest (D:4)
  2 iguanas (D:4)
  2 orc wizards (D:4)
  3 gnolls (D:3)
  2 adders (D:4)
  4 worms
  5 orcs
  7 ball pythons
  6 bats
  8 endoplasms
  4 giant cockroaches
  9 goblins
  9 hobgoblins
  2 quokkas
  4 frilled lizards
  4 kobolds
  6 rats
82 creatures vanquished.

Notes
Turn   | Place    | Note
-------+----------+-------------------------------------------
     0 | D:1      | AgateBread the Troll Gladiator began the quest for the Orb.
     0 | D:1      | Reached XP level 1. HP: 19/19 MP: 0/0
   139 | D:1      | Reached XP level 2. HP: 22/28 MP: 1/1
   620 | D:2      | Reached XP level 3. HP: 35/35 MP: 2/2
   657 | D:2      | Found a faded altar of an unknown god.
   809 | D:2      | You fall into a shaft and drop 1 floor!
   928 | D:3      | Reached skill level 4 in Unarmed Combat
   944 | D:3      | Reached XP level 4. HP: 29/44 MP: 3/3
   973 | D:3      | Found a burning altar of Makhleb.
  2091 | D:4      | Reached XP level 5. HP: 20/53 MP: 4/4
  2162 | D:4      | Reached skill level 1 in Shields
  2170 | D:4      | Reached skill level 5 in Unarmed Combat
  2251 | D:4      | Reached XP level 6. HP: 56/61 MP: 5/5
  2407 | D:4      | Noticed Pikel
  2422 | D:4      | HP: 3/61 [orc/+0 mace (2)]
  2423 | D:4      | Killed from afar by an orc priest

Illustrated notes

Levels and vault maps discovered:
D:1:      scummos_arrival_simple_crosswalls, layout_basic
D:2:      layout_loops_corners, ebering_ecumenical_altar_sacrificial
D:3:      layout_rooms, bloody_makhleb, kennysheep_generic_room_12
D:4:      layout_cave_pools, nrook_loot_triangle, uniq_pikel

Skill      XL: |  1  2  3  4  5  6 |
---------------+-------------------+-----
Fighting       | 2 3 |  3.2
Unarmed Combat | 4 5 |  5.3
Shields        | 1 2 |  2.1
Throwing       | |  1.7
Dodging        | |  2.4

Action                     |  1- 3 |  4- 6 || total
---------------------------+-------+-------++-------
  Melee: Unarmed           |    94 |   135 ||   229
         Punch             |       |     1 ||     1
  Throw: Large rock        |     1 |     1 ||     2
         Throwing net      |       |     2 ||     2
    Use: Scroll            |     2 |     6 ||     8
         Potion            |       |     3 ||     3
   Stab: Sleeping          |     1 |     2 ||     3
 Armour: Robe              |    39 |    66 ||   105
  Dodge: Dodged            |    55 |    57 ||   112
  Block: Tower shield      |       |    67 ||    67
